 Dungeon Crawl Stone Soup version 0.31-a0-188-g5e087ee2ca (webtiles) character file.

Game seed: 9910393317248141485

158 qw the Skirmisher (level 5, -2/29 HPs)
             Began as a Deep Elf Hunter on June 23, 2023.
             Slain by Sigmund
             ... wielding a +0 scythe of flaming
              (3 damage)
             ... on level 3 of the Dungeon.
             The game lasted 00:00:44 (1391 turns).

qw the Skirmisher (Deep Elf Hunter)                 Turns: 1391, Time: 00:00:44

Health: -2/29      AC:  7    Str: 10    XL:     5   Next: 16%
Magic:  7/7        EV: 11    Int: 14    God:
Gold:   91         SH:  0    Dex: 18    Spells: 4/4 levels left

rFire   . . .        Y - +0 shortbow (heavy)
rCold   . . .        (shield currently unavailable)
rNeg    . . .        e - +0 ring mail
rPois   .            (no helmet)
rElec   .            i - +0 cloak
rCorr   .            a - +0 pair of gloves
SInv    .            (no boots)
Will    .....        b - amulet of the acrobat Stlth
                     h - +4 ring of slaying {mikee}
HPRegen 0.24/turn    (no ring)
MPRegen 0.10/turn

%: acrobat
@: confused
A: no striking features
a: no special abilities


You were on level 3 of the Dungeon.
You visited 1 branch of the dungeon, and saw 3 of its levels.

You collected 91 gold pieces.


   Skills:
 - Level 1.5 Fighting
 + Level 8.6 Ranged Weapons
 - Level 2.4 Dodging
 - Level 1.2 Stealth


You had 4 spell levels left.
You didn't know any spells.
Your spell library was empty.

Inventory:

Hand Weapons
 Y - a +0 heavy shortbow (weapon)
Armour
 a - a +0 pair of gloves (worn)
 e - a +0 ring mail (worn)
 i - a +0 cloak (worn)
Jewellery
 b - an amulet of the acrobat (around neck)
 h - a +4 ring of slaying (left hand) {mikee}
 j - an amulet of regeneration
Scrolls
 c - a scroll of poison {unknown}
 g - 2 scrolls of enchant weapon {unknown}
 k - a scroll of identify {unknown}
Potions
 d - a potion of haste {unknown}
 f - a potion of berserk rage {unknown}

Dungeon Overview and Level Annotations

Branches:
Dungeon (3/15)

Altars:
Dithmenos

Annotations:
D:3 Sigmund


Message History

Enter note: You shoot an arrow.
The arrow barely misses Sigmund.
You shoot an arrow. The arrow hits Sigmund!
Sigmund is heavily wounded.
Sigmund gestures wildly while chanting.
Sigmund flickers and vanishes!
Deactivating autopickup; reactivate with Ctrl-A.
You hear an angry hiss.
You shoot an arrow.
A frilled lizard comes into view.
You shoot an arrow. Something hits you. Something burns you.
1381 ||| FLEEEEING.
Something hits you. Something burns you.
1382 ||| FLEEEEING.
1383 ||| STILL FLEEEEING.
1384 ||| STILL FLEEEEING.
1385 ||| STILL FLEEEEING.
1386 ||| STILL FLEEEEING.
Natasha, Servant of Life and Death comes into view.
She is carrying a wand of polymorph (6).
Natasha hisses angrily.
Natasha zaps a wand.
You resist with some effort.
There is a stone staircase leading down here.
You shoot an arrow. The arrow barely misses Natasha.
You shoot an arrow. The arrow hits Natasha!!
You kill Natasha!
Natasha growls in agony!
You hear some strange, mumbled words.
You are confused.
You hear some strange, mumbled words.
A puff of flame appears from out of thin air!
The puff of flame hits you!
You have reached level 5!
You shoot an arrow. Something hits you but does no damage.
You shoot an arrow. Something hits you. Something burns you.
You shoot an arrow. Something hits you. Something burns you.
You die...

####....### #.>#
#....#..... #..### #....##.
.......###....#. ...
#............... ...
#..######.....#. #.# #:.#
#..#.##.
#.######..######..#.##. #
#l##..@%.......%..#.###
#.##.##.##{###.#####......#
........##.# #............#
#.......# ##.####.....##
######### #.# ##...## ##.##
##.##### #.# ##...#
#.#...## #.#
######.#.#.####....... #.#
#..............##.....


There were no monsters in sight!

Vanquished Creatures
  Natasha (twice) (D:3)
  3 adders
  3 worms (D:2)
  3 dart slugs
  3 ball pythons
  3 bats
  8 endoplasms
  4 giant cockroaches
  4 goblins
  4 hobgoblins
  9 jackals
  6 kobolds
  4 quokkas
  3 frilled lizards
  6 rats
65 creatures vanquished.

Notes
Turn   | Place    | Note
-------+----------+-------------------------------------------
     0 | D:1      | qw the Deep Elf Hunter began the quest for the Orb.
     0 | D:1      | Reached XP level 1. HP: 12/12 MP: 3/3
     0 | D:1      | 0 ||| qw: Version: 0.3-a-9-g12657ce
     0 | D:1      | 0 ||| qw: Game counter: 3158
     0 | D:1      | 0 ||| qw: Always use a shield: true
     0 | D:1      | 0 ||| qw: God list: Okawaru
     0 | D:1      | 0 ||| qw: Allow faded altars: false
     0 | D:1      | 0 ||| qw: Do Orc after D:15 true
     0 | D:1      | 0 ||| qw: Do second Lair branch before Depths: true
     0 | D:1      | 0 ||| qw: Lair rune preference: random
     0 | D:1      | 0 ||| qw: Plans: Normal
     0 | D:1      | 0 ||| PLANNING D:1-11
   110 | D:1      | Reached XP level 2. HP: 16/16 MP: 4/4
   142 | D:1      | Reached skill level 6 in Ranged Weapons
   388 | D:1      | Reached XP level 3. HP: 20/20 MP: 5/5
   549 | D:1      | 549 ||| UPGRADING to +0 ring mail.
   559 | D:1      | 559 ||| DROPPING +0 leather armour.
   560 | D:1      | 560 ||| UPGRADING to +0 cloak.
   565 | D:1      | 565 ||| DROPPING amulet of magic regeneration.
   566 | D:1      | 566 ||| READING scroll labelled TUTRE GENGUEDD.
   567 | D:1      | 567 ||| READING scroll labelled KUSOGO VU DAN.
   568 | D:1      | 568 ||| DROPPING scroll of butterflies.
   624 | D:2      | Found a shadowy altar of Dithmenos.
   660 | D:2      | Reached skill level 7 in Ranged Weapons
   685 | D:2      | 685 ||| FLEEEEING.
   686 | D:2      | 686 ||| FLEEEEING.
   772 | D:2      | Reached XP level 4. HP: 25/25 MP: 6/6
   911 | D:2      | 911 ||| UPGRADING to +0 pair of gloves.
   916 | D:2      | 916 ||| UPGRADING to amulet of the acrobat.
   921 | D:2      | 921 ||| DROPPING ring of magical power.
   922 | D:2      | 922 ||| UPGRADING to +4 ring of slaying {mikee}.
   923 | D:2      | 923 ||| READING scroll labelled MER UMUEVEIF.
  1084 | D:3      | Noticed Natasha
  1089 | D:3      | Killed Natasha
  1090 | D:3      | Reached skill level 8 in Ranged Weapons
  1376 | D:3      | Noticed Sigmund
  1381 | D:3      | 1381 ||| FLEEEEING.
  1382 | D:3      | 1382 ||| FLEEEEING.
  1386 | D:3      | Noticed Natasha
  1388 | D:3      | Killed Natasha
  1389 | D:3      | Reached XP level 5. HP: 14/29 MP: 7/7
  1390 | D:3      | HP: 6/29 [something (2)]
  1391 | D:3      | HP: 1/29 [something (6)]
  1391 | D:3      | Slain by Sigmund

Levels and vault maps discovered:
D:1:      dpeg_arrival_triangle_fractal, layout_basic
D:2:      layout_rooms, basic_altar
D:3:      layout_loops_ring, uniq_sigmund, uniq_natasha

Skill      XL: |  1  2  3  4 |
---------------+-------------+-----
Ranged Weapons | 6 7 8 |  8.6
Fighting       | |  1.5
Dodging        | |  2.4
Stealth        | |  1.2

Action                     |  1- 3 |  4- 6 || total
---------------------------+-------+-------++-------
   Fire: Shortbow          |   119 |    47 ||   166
    Use: Scroll            |     2 |     1 ||     3
 Armour: Leather armour    |     5 |       ||     5
         Ring mail         |     4 |     5 ||     9
  Dodge: Dodged            |    20 |     5 ||    25

Table legend:
 A = Non-vault XP
 B = Vault XP
 C = Vault XP percentage of total XP
 D = Non-vault monster count
 E = Vault monster count
 F = Vault count percentage of total count
                 A         B        C        D         E       F
            +---------+---------+-------+---------+---------+-------
      Total |     195 |      32 |  14.1 |      64 |       1 |   1.5
            +---------+---------+-------+---------+---------+-------
        D:1 |      49 |       0 |   0.0 |      27 |       0 |   0.0
        D:2 |      49 |       0 |   0.0 |      16 |       0 |   0.0
        D:3 |      97 |      32 |  24.8 |      21 |       1 |   4.5
            +---------+---------+-------+---------+---------+-------
